cohdb
Replays
Latest Replays
All Replays
Popular Replays
Top Player Replays
Match Explorer
How It Works
Community
CoH3 Stats
Reddit
Sign in to upload your games and track your stats! →
Sign in with Steam
Match 45230476
Unlisted
Match 45230476
Overview
Messages
Build Orders
End
Pioneer Squad
Pioneer Squad
Construct Infanterie Kompanie
Selects Mechanized Battlegroup
MG 42 Machine Gun Team
MG 42 Machine Gun Team
Grenadier Squad
Construct Luftwaffe Kompanie
Flak 30 Anti-aircraft Gun Team
Flak 30 Anti-aircraft Gun Team
Medical Bunker
GrW 34 Mortar Team
Jäger Squad
Construct Panzer Kompanie
Selects Raid Package
Selects StuG Assault Group
Sturmpanzer IV Brummbär
Selects UNKNOWN (2160084)
Selects Mobile Repair Stations
Stoßtruppen Squad
Selects Wespe Self-propelled Artillery
Panther Heavy Tank
HighFive
Flower
0
0
Comments
sign in to comment!
No comments posted yet!